 Dungeon Crawl Stone Soup version 0.22.1-2-g9c5b331383 (webtiles) character file.

229 McIrco the Shield-Bearer (level 5, -7/41 HPs)
             Began as a Demonspawn Fighter on Jan 6, 2019.
             Killed by nerve-wracking pain
             ... invoked by Grinder
              (11 damage)
             ... on level 3 of the Dungeon.
             The game lasted 00:04:02 (2453 turns).

McIrco the Shield-Bearer (Demonspawn Fighter)       Turns: 2453, Time: 00:04:03

Health: -7/41      AC:  6    Str: 16    XL:     5   Next: 71%
Magic:  14/14      EV:  8    Int: 10    God:
Gold:   116        SH:  9    Dex: 13    Spells: 4/4 levels left

rFire    . . .     SeeInvis .   a - +0 long sword
rCold    . . .     Gourm    .   c - +0 shield
rNeg     . . .     Faith    .   b - +0 scale mail
rPois    .         Spirit   .   (helmet restricted)
rElec    .         Reflect  .   (no cloak)
rCorr    .         Harm     .   (no gloves)
MR       .....                  (no boots)
Stlth    ..........             (no amulet)
HPRegen  0.13/turn              k - ring of attention (curse)
MPRegen  0.14/turn              o - ring of magical power

@: no status effects
A: antennae 2, powered by death 1, rot immunity
a: no special abilities


You were on level 3 of the Dungeon.
You were hungry.

You visited 1 branch of the dungeon, and saw 3 of its levels.

You collected 116 gold pieces.

Inventory:

Hand Weapons
 a - a +0 long sword (weapon)
Armour
 b - a +0 scale mail (worn)
 c - a +0 shield (worn)
Jewellery
 k - a cursed ring of attention (left hand)
 m - an uncursed ring of poison resistance
 o - a ring of magical power (right hand)
Scrolls
 g - 3 scrolls of magic mapping {unknown}
 h - 4 scrolls of identify {unknown}
 n - a scroll of fear {unknown}
 p - a scroll of blinking {unknown}
 q - a scroll of remove curse {unknown}
 r - a scroll of amnesia {unknown}
 s - a scroll of fog {unknown}
 t - a scroll of teleportation {unknown}
 u - a scroll of enchant weapon {unknown}
Potions
 d - a potion of brilliance {unknown}
 e - 2 potions of lignification {unknown}
 i - a potion of invisibility {unknown}
 j - 2 potions of resistance {unknown}
 l - a potion of curing
Comestibles
 f - 3 rations


   Skills:
 + Level 3.4 Fighting
 + Level 3.0 Long Blades
 * Level 3.6 Armour
 * Level 1.8 Dodging
 * Level 3.9 Shields


You had 4 spell levels left.
You didn't know any spells.
Your spell library was empty.

Dungeon Overview and Level Annotations

Branches:
Dungeon (3/15)

Altars:
Dithmenos
Wu Jian
The Shining One

Annotations:
D:3 Grinder


Innate Abilities, Weirdness & Mutations

You have a pair of antennae on your head.
You regenerate a little health from kills.
You are immune to rotting.


Message History

You slash the dart slug!
You kill the dart slug!
Grinder comes into view.
Grinder shouts!
An orc comes into view.
Grinder blinks!
There are monsters nearby!
Grinder gestures at you.
You suddenly lose the ability to move!
The orc hits you but does no damage. The orc hits you but does no damage.
The orc hits you.
* * * LOW HITPOINT WARNING * * *
The orc hits you.
* * * LOW HITPOINT WARNING * * *
You can move again.
Unknown command.
Unknown command.
Grinder gestures at you. Pain shoots through your body!
You die...

.... #. ..... #.## .....
#..# ...... #.##
......########..#
........(.......##
#....).........# #
#...........5#.####.#
#...ยง.........@o..#.#..
#..........)...........
#.............#...#.#.
#############.#...#.#
#########.<#.#
#..........#.# ####
#........#.#.# ...#
#........#.#.# ...#
#.(......#...#


You could see Grinder and an orc.

Vanquished Creatures
  A bullfrog skeleton (D:2)
  An orc wizard (D:2)
  Terence (D:2)
  7 adders
  An ooze (D:1)
  2 dart slugs
  A leopard gecko (D:1)
  10 orcs
  A ball python (D:2)
  9 bats
  3 giant cockroaches
  6 goblins
  6 hobgoblins
  3 jackals (D:2)
  4 kobolds (D:1)
  A quokka (D:2)
  4 frilled lizards
  6 rats
67 creatures vanquished.

Notes
Turn   | Place    | Note
-------+----------+-------------------------------------------
     0 | D:1      | McIrco the Demonspawn Fighter began the quest for the Orb.
     0 | D:1      | Reached XP level 1. HP: 18/18 MP: 1/1
   186 | D:1      | Gained mutation: You have a pair of small antennae on your
                  | head. [demonic ancestry]
   186 | D:1      | Reached XP level 2. HP: 23/24 MP: 2/2
   745 | D:2      | Gained mutation: You regenerate a little health from kills.
                  | [demonic ancestry]
   745 | D:2      | Reached XP level 3. HP: 9/29 MP: 3/3
   755 | D:2      | Reached skill level 1 in Dodging
   780 | D:2      | Gained mutation: You are immune to rotting. [demonic
                  | ancestry]
   780 | D:2      | Reached XP level 4. HP: 7/35 MP: 4/4
  1024 | D:2      | Noticed Terence
  1051 | D:2      | Killed Terence
  1087 | D:2      | Gained mutation: You have a pair of antennae on your head.
                  | [demonic ancestry]
  1087 | D:2      | Reached XP level 5. HP: 29/41 MP: 5/5
  1394 | D:2      | Found an ornate altar of the Wu Jian Council.
  1580 | D:2      | Found a glowing golden altar of the Shining One.
  1581 | D:2      | Found a shadowy altar of Dithmenos.
  2445 | D:3      | Noticed Grinder
  2449 | D:3      | Paralysed by Grinder for 4 turns
  2453 | D:3      | Killed from afar by Grinder

Skill      XL: |  1  2  3  4  5 |
---------------+----------------+-----
Armour         | 3 |  3.6
Long Blades    | 2 3 |  3.0
Shields        | 3 |  3.9
Dodging        | 1 |  1.8
Fighting       | |  3.4

Action                   |  1- 3 |  4- 6 || total
-------------------------+-------+-------++-------
Melee: Long sword        |    83 |   181 ||   264
  Use: Potion            |       |     1 ||     1
  Eat: Chunk             |       |     5 ||     5
Armor: Scale mail        |    59 |    82 ||   141
Dodge: Dodged            |    41 |    68 ||   109
Block: Shield            |    62 |   111 ||   173
       Rpst.: Long sword |     8 |    26 ||    34
